 Dungeon Crawl Stone Soup version 0.27.1-3-gb3d3a73c9e (webtiles) character file.

Game seed: 17483390647146893070

1602 jjjjhere the Chopper (level 8, -6/55 (56) HPs)
             Began as a Demonspawn Gladiator on Oct 8, 2021.
             Was an Elder of Jiyva.
             Killed from afar by a manticore (17 damage)
             ... with a volley of spikes
             ... on level 6 of the Dungeon.
             The game lasted 00:13:04 (8278 turns).

jjjjhere the Chopper (Demonspawn Gladiator)         Turns: 8278, Time: 00:13:04

HP:   -6/55 (56)    AC: 12    Str: 18    XL:     8   Next: 62%
MP:   8/8           EV: 14    Int:  9    God:    Jiyva [****..]
Gold: 63            SH:  0    Dex: 14    Spells: 7/7 levels left

rFire    . . .     SeeInvis .   a - +0 war axe
rCold    . . .     Faith    .   (no shield)
rNeg     . . .     Spirit   .   o - +0 chain mail
rPois    .         Reflect  .   c - +1 helmet
rElec    .         Harm     .   q - +0 cloak
rCorr    +         Rampage  .   (no gloves)
Will     .....                  (no boots)
Stlth    ..........             (no amulet)
HPRegen  0.18/turn              (no ring)
MPRegen  0.11/turn              (no ring)

@: agile, about to teleport, spiked, lightly drained
A: claws 2, powered by pain 1, sharp scales 1, sturdy frame 1
a: Renounce Religion, Request Jelly, Slimify


You were on level 6 of the Dungeon.
You worshipped Jiyva.
Jiyva was greatly pleased with you.
You visited 1 branch of the dungeon, and saw 7 of its levels.

You collected 175 gold pieces.
You spent 112 gold pieces at shops.

Inventory:

Hand Weapons
 a - a +0 war axe (weapon)
Missiles
 d - 2 throwing nets
 l - 22 poisoned darts (quivered)
Armour
 b - a +0 leather armour
 c - a +1 helmet (worn)
 h - a +0 plate armour
 k - a +0 kite shield
 o - a +0 chain mail (worn)
 q - a +0 cloak (worn)
Scrolls
 g - 2 scrolls of enchant armour
 i - a scroll of teleportation
 m - 3 scrolls of noise {unknown}


   Skills:
 - Level 2.0 Fighting
 + Level 7.4 Axes
 - Level 1.7 Throwing
 - Level 2.6 Dodging
 + Level 7.1 Shields


You had 7 spell levels left.
You didn't know any spells.
Your spell library contained the following spells:

 Spells                   Type           Power      Damage    Failure   Level
 Olgreb's Toxic Radiance  Pois           0%         N/A       100%        4
 Ozocubu's Refrigeration  Ice            0%         4d5       100%        7
 Ignition                 Fire           0%         3d3       100%        8


Dungeon Overview and Level Annotations

Branches:
Dungeon (7/15)
 Temple: D:4-7

Altars:
Fedhas
Nemelex Xobeh
Zin
Jiyva

Shops:
D:5 ?   D:6 ?


Innate Abilities, Weirdness & Mutations

You have very sharp fingernails.
You sometimes gain a little power by taking damage.
You are partially covered in razor-sharp scales. (AC +1, Slay +1)
Your movements are slightly less encumbered by armour. (ER -2)


Message History

The phantom is lightly damaged.
The phantom hits you.
The phantom blinks!
You blink.
Unknown command.
You slash the phantom!
The phantom is heavily damaged.
The phantom hits you.
The manticore flicks its tail.
The volley of spikes misses you.
The volley of spikes hits the phantom!
The phantom hits you.
The phantom blinks!
You blink.
A phantom comes into view.
Unknown command.
Unknown command.
You barely miss the phantom.
The phantom is almost destroyed.
The phantom closely misses you.
You closely miss the phantom.
The phantom is almost destroyed.
The phantom hits you.
You slash the phantom!
You destroy the phantom!
The seven-headed hydra roars!
The manticore flicks its tail.
The volley of spikes hits you!
The barbed spikes become lodged in your body.
* * * LOW HITPOINT WARNING * * *
You focus on the pain.
You feel agile all of a sudden.
The barbs in your skin will harm you if you move.
Continue?
Okay, then.
As you read the scroll of teleportation, it crumbles to dust.
You feel strangely unstable.
The manticore flicks its tail.
The volley of spikes misses you.
The volley of spikes hits the phantom!
The phantom is destroyed!
The manticore flicks its tail.
The volley of spikes hits you!
The barbed spikes become lodged in your body.
You die...

.#?#...#.#..###.##.#..#..........
#...#...#........#.#..#..#####.##
.................#.#.............
..#...#...#......#.#......####.##
.#.#...#.#.......#.#..###.####.##
#...#...#........#.#.............
....... ........#.#.####..###.##
.# .# .#D.......#.........#.##
#......@#########.#.#.##
.........)H..####.#.#.## .
...#.#######........#.## .# #.
######.###.## . #..##.## .
#######.##.# .. #........#.##
#.#####...... ######...##


You could see a seven-headed hydra and a manticore.

Vanquished Creatures
  Grinder (D:6)
  A vampire mosquito (D:6)
  An orc warrior (D:4)
  3 black bears
  An ice beast (D:6)
  2 ogres
  A sky beast (D:6)
  A necrophage (D:6)
  A centaur (D:7)
  2 phantoms
  A kobold brigand (D:5)
  A water moccasin zombie (D:6)
  A centaur zombie (D:6)
  A bullfrog skeleton (D:6)
  An orc priest (D:3)
  2 hounds
  A centaur skeleton (D:4)
  Natasha (D:4)
  An iguana (D:5)
  2 orc wizards (D:6)
  A hound zombie (D:5)
  5 adders
  An ufetubus (D:6)
  A dart slug (D:3)
  7 orcs
  7 ball pythons
  7 endoplasms
  4 giant cockroaches
  7 hobgoblins
  9 jackals
  3 quokkas
  6 bats
  7 frilled lizards
  3 goblins
  8 kobolds
  3 rats
105 creatures vanquished.

Vanquished Creatures (others)
  A sky beast (D:5)
  23 jellies
  2 black bears (D:5)
  3 phantoms
  A bullfrog (D:6)
  A wight (D:7)
  An orc priest (D:4)
  A gnoll shaman (D:5)
  A bullfrog skeleton (D:5)
  2 hounds
  An iguana (D:5)
  Natasha (twice) (D:4)
  A gnoll (D:7)
  A howler monkey skeleton (D:6)
  3 adders
  A shadow imp (D:6)
  A white imp (D:5)
  2 ufetubi (D:6)
  A worm (D:3)
  A dart slug (D:4)
  2 orcs (D:4)
  A goblin (D:3)
  A jackal (D:4)
  A ball python (D:4)
55 creatures vanquished.

Grand Total: 160 creatures vanquished

Notes
Turn   | Place    | Note
-------+----------+-------------------------------------------
     0 | D:1      | jjjjhere the Demonspawn Gladiator began the quest for the
                  | Orb.
     0 | D:1      | Reached XP level 1. HP: 16/16 MP: 1/1
   357 | D:1      | Gained mutation: You are partially covered in razor-sharp
                  | scales. (AC +1, Slay +1) [demonic ancestry]
   357 | D:1      | Reached XP level 2. HP: 22/22 MP: 2/2
   518 | D:1      | Gained mutation: You sometimes gain a little power by
                  | taking damage. [demonic ancestry]
   518 | D:1      | Reached XP level 3. HP: 27/27 MP: 3/3
  1261 | D:2      | HP: 8/27 [poisoned by an adder]
  1266 | D:2      | HP: 3/27 [poisoned by an adder]
  1739 | D:2      | HP: 13/40 [frozen (3)]
  2605 | D:3      | Found a faded altar of an unknown god.
  2641 | D:3      | Became a worshipper of Jiyva Jemuresi the Shapeless
  2641 | D:3      | Reached * piety under Jiyva
  2774 | D:3      | Found a blossoming altar of Fedhas.
  2866 | D:3      | Gained mutation: You have sharp fingernails. [demonic
                  | ancestry]
  2866 | D:3      | Reached XP level 4. HP: 23/33 MP: 4/4
  2870 | D:3      | HP: 6/33 [worm (9)]
  3291 | D:3      | Reached skill level 1 in Shields
  3720 | D:4      | Reached XP level 5. HP: 24/38 MP: 5/5
  3894 | D:4      | Reached ** piety under Jiyva
  3986 | D:4      | Killed Natasha
  4095 | D:4      | Killed Natasha
  4120 | D:4      | Noticed Natasha
  4123 | D:4      | Killed Natasha
  4170 | D:4      | Noticed an orc warrior
  4525 | D:4      | HP: 11/38 [orc warrior (13)]
  4528 | D:4      | Killed an orc warrior
  4810 | D:5      | Entered Level 5 of the Dungeon
  4883 | D:5      | Noticed a black bear
  4894 | D:5      | HP: 12/38 [black bear (7)]
  4895 | D:5      | Killed a black bear
  4896 | D:5      | Reached skill level 5 in Axes
  4896 | D:5      | Gained mutation: You have very sharp fingernails. [demonic
                  | ancestry]
  4896 | D:5      | Reached XP level 6. HP: 7/44 MP: 6/6
  5031 | D:5      | Killed a sky beast
  5284 | D:5      | HP: 4/44 [ogre (21)]
  5292 | D:5      | HP: 14/44 [ogre (15)]
  5566 | D:5      | Found a sparkling altar of Nemelex Xobeh.
  5674 | D:6      | Found Fekleagu's Magic Scroll Shop.
  5764 | D:5      | Reached XP level 7. HP: 18/50 MP: 7/7
  5970 | D:6      | Bought a scroll of blinking for 112 gold pieces
  6059 | D:6      | Reached skill level 5 in Shields
  6532 | D:6      | Reached *** piety under Jiyva
  6539 | D:6      | Gained mutation: Your movements are slightly less
                  | encumbered by armour. (ER -2) [Jiyva's grace]
  6680 | D:6      | Noticed Grinder
  6682 | D:6      | Noticed a seven-headed hydra
  6747 | D:5      | HP: 14/50 [black bear (9)]
  7038 | D:6      | Reached XP level 8. HP: 42/56 MP: 8/8
  7126 | D:6      | Killed Grinder
  7347 | D:6      | HP: 13/56 [vampire mosquito (8)]
  7350 | D:6      | HP: 3/56 [vampire mosquito (8)]
  7356 | D:6      | HP: 17/84 [vampire mosquito (2)]
  7378 | D:6      | HP: 14/56 [sky beast (1)]
  7381 | D:6      | HP: 6/56 [sky beast (3)]
  7381 | D:6      | HP: 1/56 [sky beast (5)]
  7934 | D:7      | Reached **** piety under Jiyva
  7955 | D:7      | HP: 15/52 [wight (6)]
  7969 | D:7      | HP: 9/50 [wight (6)]
  8263 | D:6      | Noticed a manticore
  8276 | D:6      | HP: 11/55 [manticore/volley of spikes (15)]
  8278 | D:6      | Killed from afar by a manticore

Illustrated notes

Levels and vault maps discovered:
D:1:      dpeg_arrival_solitude, layout_loops_ring, st_stairs_2
D:2:      layout_loops_ring, nicolae_underground_beach
D:3:      layout_basic, mainiacjoe_overflow_large_starburst,
          chequers_ecumenical_altar_grove
D:4:      layout_gridville, uniq_natasha
D:5:      layout_rooms, mainiacjoe_overflow_concentric_impassable,
          grunt_tough_drop
D:6:      cheibrodos_fzero, layout_basic, serial_shops, nicolae_shop_stone,
          uniq_blork_the_orc, uniq_grinder
D:7:      layout_rooms, kennysheep_mini, mainiacjoe_overflow_catwalk,
          minmay_temple_entry_wispy, uniq_crazy_yiuf_cottage

Skill      XL: |  1  2  3  4  5  6  7  8 |
---------------+-------------------------+-----
Axes           | 3 4 5 6 7 |  7.4
Shields        | 2 3 4 6 7 |  7.1
Fighting       | |  2.0
Throwing       | |  1.7
Dodging        | |  2.6

Action                   |  1- 3 |  4- 6 |  7- 9 || total
-------------------------+-------+-------+-------++-------
Melee: War axe           |   139 |   101 |   162 ||   402
Throw: Throwing net      |     3 |       |       ||     3
       Dart              |       |     4 |     5 ||     9
  Use: Potion            |     1 |     2 |     5 ||     8
       Scroll            |       |       |     4 ||     4
 Stab: Distracted        |     1 |       |       ||     1
Armor: Leather armour    |    68 |    12 |       ||    80
       Skin              |    10 |       |    28 ||    38
       Chain mail        |       |    56 |   140 ||   196
Dodge: Dodged            |   112 |    57 |    96 ||   265
Block: Kite shield       |     8 |       |       ||     8
